TOP OF THE 1ST |
Las Vegas Stars batting - Pitching for Albuquerque Isotopes : RHP Zózimo Pascoal
|
Pitching: RHP Zózimo Pascoal
|
|
Batting: SHB Júlio Salazar
|
0-0: DOUBLE (Flyball, 78D)
|
Batting: RHB Brandon Pope
|
0-0: Called Strike 0-1: Ball 1-1: Ball 2-1: Ground out 6-3 (Groundball, 6) Júlio Salazar to third
|
Batting: LHB Ethan Marshall
|
0-0: Foul Ball, location: 2F 0-1: Ball 1-1: Called Strike 1-2: Strikes out swinging
|
Batting: RHB Ryan McBride
|
0-0: Fly out, F8 (Flyball, 8RD)
|
Top of the 1st over - 0 run(s), 1 hit(s), 0 error(s), 1 left on base; Las Vegas 0 - Albuquerque 0 |
BOTTOM OF THE 1ST |
Albuquerque Isotopes batting - Pitching for Las Vegas Stars : RHP Kazuo Mochizuki
|
Pitching: RHP Kazuo Mochizuki
|
|
Batting: RHB Gonzalo Gil
|
0-0: Ball 1-0: Swinging Strike 1-1: Ball 2-1: Called Strike 2-2: Foul Ball, location: 2F 2-2: Ball 3-2: Fly out, F7 (Flyball, 7)
|
Batting: RHB Juan Vareas
|
0-0: Ball 1-0: Ball 2-0: Foul Ball, location: 2F 2-1: Ball 3-1: Swinging Strike 3-2: SINGLE (Groundball, 15S) (infield hit)
|
Batting: LHB Fernando Ortíz
|
0-0: Called Strike Juan Vareas is caught stealing 2nd base 0-1: SINGLE (Line Drive, 9S)
|
Batting: RHB Will Lott
|
0-0: Foul Ball, location: 2F 0-1: Swinging Strike 0-2: Ball 1-2: Fly out, F8 (Flyball, 8RXD)
|
Bottom of the 1st over - 0 run(s), 2 hit(s), 0 error(s), 1 left on base; Las Vegas 0 - Albuquerque 0 |
TOP OF THE 2ND |
Las Vegas Stars batting - Pitching for Albuquerque Isotopes : RHP Zózimo Pascoal
|
Batting: SHB Sloan James
|
0-0: Ball 1-0: Ball 2-0: Ball 3-0: Called Strike 3-1: SINGLE (Line Drive, 89S)
|
Batting: LHB Mike Petersen
|
0-0: Foul Ball, location: 2F 0-1: SINGLE (Flyball, 8RS) Sloan James to second
|
Batting: RHB Tom Howe
|
0-0: Swinging Strike 0-1: Swinging Strike 0-2: Ball 1-2: Ball 2-2: Strikes out looking
|
Batting: RHB Bobby Miller
|
0-0: Called Strike 0-1: Called Strike 0-2: Ball 1-2: Strikes out looking
|
Batting: RHB Luis Flores
|
0-0: Called Strike 0-1: Swinging Strike 0-2: Ball 1-2: Fielders Choice at 2nd, 4-6 (Groundball, 34)
|
Top of the 2nd over - 0 run(s), 2 hit(s), 0 error(s), 1 left on base; Las Vegas 0 - Albuquerque 0 |
BOTTOM OF THE 2ND |
Albuquerque Isotopes batting - Pitching for Las Vegas Stars : RHP Kazuo Mochizuki
|
Batting: RHB Víctor Solano
|
0-0: Ball 1-0: Called Strike 1-1: Foul Ball, location: 2F 1-2: Ball 2-2: Fly out, F2 (Popup, 25)
|
Batting: RHB Sam Wallace
|
0-0: Ball 1-0: Fly out, F8 (Flyball, 8RM)
|
Batting: LHB Héctor Soto
|
0-0: Foul Ball, location: 2F 0-1: Ball 1-1: Ball 2-1: Called Strike 2-2: Ground out 4-3 (Groundball, 4)
|
Bottom of the 2nd over - 0 run(s), 0 hit(s), 0 error(s), 0 left on base; Las Vegas 0 - Albuquerque 0 |
TOP OF THE 3RD |
Las Vegas Stars batting - Pitching for Albuquerque Isotopes : RHP Zózimo Pascoal
|
Batting: SHB Júlio Salazar
|
0-0: Called Strike 0-1: SINGLE (Groundball, 34) (infield hit)
|
Batting: RHB Brandon Pope
|
0-0: Ball 1-0: Ball 2-0: Swinging Strike 2-1: Foul Ball, location: 2F 2-2: Foul Ball, location: 2F 2-2: Ground out 3-1 (Groundball, 34S) Júlio Salazar to second
|
Batting: LHB Ethan Marshall
|
0-0: Ball 1-0: Fly out, F3 (Popup, 3S)
|
Batting: RHB Ryan McBride
|
0-0: Ball Balk! Júlio Salazar to third 1-0: Ball Balk! Júlio Salazar scores 2-0: Ball 3-0: Base on Balls
|
Batting: SHB Sloan James
|
0-0: Called Strike 0-1: Fielders Choice at 2nd, U4 (Groundball, 4M)
|
Top of the 3rd over - 1 run(s), 1 hit(s), 0 error(s), 1 left on base; Las Vegas 1 - Albuquerque 0 |
BOTTOM OF THE 3RD |
Albuquerque Isotopes batting - Pitching for Las Vegas Stars : RHP Kazuo Mochizuki
|
Batting: RHB Jesse McKnight
|
0-0: SINGLE (Line Drive, 4MD)
|
Batting: LHB Héctor Cruz
|
0-0: Called Strike 0-1: Ball 1-1: Ball 2-1: Foul Ball, location: 2F 2-2: Grounds into double play, 6-4-3 (Groundball, 6)
|
Batting: RHB Gonzalo Gil
|
0-0: Ball 1-0: Ball 2-0: Swinging Strike 2-1: Swinging Strike 2-2: Foul Ball, location: 2F 2-2: Foul Ball, location: 2F 2-2: Fly out, F3 (Popup, 3L)
|
Bottom of the 3rd over - 0 run(s), 1 hit(s), 0 error(s), 0 left on base; Las Vegas 1 - Albuquerque 0 |
TOP OF THE 4TH |
Las Vegas Stars batting - Pitching for Albuquerque Isotopes : RHP Zózimo Pascoal
|
Batting: LHB Mike Petersen
|
0-0: Ground out 6-3 (Groundball, 6)
|
Batting: RHB Tom Howe
|
0-0: Ball 1-0: Swinging Strike 1-1: Ground out 5-3 (Groundball, 56)
|
Batting: RHB Bobby Miller
|
0-0: Ball 1-0: Swinging Strike 1-1: Called Strike 1-2: Ball 2-2: Ball 3-2: Foul Ball, location: 2F 3-2: Foul Ball, location: 2F 3-2: Base on Balls
|
Batting: RHB Luis Flores
|
0-0: SINGLE (Groundball, 4S) (infield hit) Bobby Miller to second
|
Batting: SHB Júlio Salazar
|
0-0: Fielders Choice at 2nd, 4-6 (Groundball, 4)
|
Top of the 4th over - 0 run(s), 1 hit(s), 0 error(s), 1 left on base; Las Vegas 1 - Albuquerque 0 |
BOTTOM OF THE 4TH |
Albuquerque Isotopes batting - Pitching for Las Vegas Stars : RHP Kazuo Mochizuki
|
Batting: RHB Juan Vareas
|
0-0: Called Strike 0-1: Ball 1-1: Ball 2-1: Called Strike 2-2: Fly out, F9 (Flyball, 9LS)
|
Batting: LHB Fernando Ortíz
|
0-0: SINGLE (Flyball, 9S)
|
Batting: RHB Will Lott
|
0-0: Ball Wild Pitch! Fernando Ortíz to second 1-0: 2-RUN HOME RUN (Line Drive, 7D), Distance : 373 ft
|
Batting: RHB Víctor Solano
|
0-0: Ball 1-0: Called Strike 1-1: Ball 2-1: Called Strike 2-2: Ball 3-2: Base on Balls
|
Batting: RHB Sam Wallace
|
0-0: SINGLE (Line Drive, 8RS) Víctor Solano to second
|
Batting: LHB Héctor Soto
|
0-0: Ball 1-0: Called Strike 1-1: Foul Ball, location: 2F 1-2: Strikes out swinging
|
Batting: RHB Jesse McKnight
|
0-0: Swinging Strike 0-1: Ball 1-1: Called Strike 1-2: Ball 2-2: Strikes out swinging
|
Bottom of the 4th over - 2 run(s), 3 hit(s), 0 error(s), 2 left on base; Las Vegas 1 - Albuquerque 2 |
TOP OF THE 5TH |
Las Vegas Stars batting - Pitching for Albuquerque Isotopes : RHP Zózimo Pascoal
|
Batting: RHB Brandon Pope
|
0-0: Ground out 4-3 (Groundball, 34)
|
Batting: LHB Ethan Marshall
|
0-0: Ball 1-0: Ball 2-0: Ground out 6-3 (Groundball, 6)
|
Batting: RHB Ryan McBride
|
0-0: Ball 1-0: Ball 2-0: DOUBLE (Line Drive, 78XD)
|
Batting: SHB Sloan James
|
0-0: Called Strike 0-1: Ball 1-1: Swinging Strike 1-2: Ball 2-2: Strikes out swinging
|
Top of the 5th over - 0 run(s), 1 hit(s), 0 error(s), 1 left on base; Las Vegas 1 - Albuquerque 2 |
BOTTOM OF THE 5TH |
Albuquerque Isotopes batting - Pitching for Las Vegas Stars : RHP Kazuo Mochizuki
|
Batting: LHB Héctor Cruz
|
0-0: Called Strike 0-1: Ball 1-1: SINGLE (Groundball, 4MD)
|
Batting: RHB Gonzalo Gil
|
0-0: Ball 1-0: Foul Ball, location: 2F 1-1: Fielders Choice at 2nd, 6-4 (Groundball, 6)
|
Batting: RHB Juan Vareas
|
0-0: Ball 1-0: Called Strike Gonzalo Gil steals 2nd base 1-1: Called Strike 1-2: Foul Ball, location: 2F 1-2: Strikes out looking
|
Batting: LHB Fernando Ortíz
|
0-0: Swinging Strike 0-1: Swinging Strike 0-2: Ball Passed Ball! Gonzalo Gil to third 1-2: Strikes out swinging
|
Bottom of the 5th over - 0 run(s), 1 hit(s), 0 error(s), 1 left on base; Las Vegas 1 - Albuquerque 2 |
TOP OF THE 6TH |
Las Vegas Stars batting - Pitching for Albuquerque Isotopes : RHP Zózimo Pascoal
|
Batting: LHB Mike Petersen
|
0-0: Ball 1-0: Fly out, F4 (Popup, 4MD)
|
Batting: RHB Tom Howe
|
0-0: Ball 1-0: Called Strike 1-1: Called Strike 1-2: Fly out, F7 (Flyball, 78XD)
|
Batting: RHB Bobby Miller
|
0-0: Called Strike 0-1: Ball 1-1: Fly out, F1 (Line Drive, 13)
|
Top of the 6th over - 0 run(s), 0 hit(s), 0 error(s), 0 left on base; Las Vegas 1 - Albuquerque 2 |
BOTTOM OF THE 6TH |
Albuquerque Isotopes batting - Pitching for Las Vegas Stars : RHP Kazuo Mochizuki
|
Batting: RHB Will Lott
|
0-0: Ball 1-0: Ball 2-0: Called Strike 2-1: Ball 3-1: Fly out, F8 (Flyball, 8LS)
|
Batting: RHB Víctor Solano
|
0-0: Foul Ball, location: 2F 0-1: Foul Ball, location: 2F 0-2: Strikes out looking
|
Batting: RHB Sam Wallace
|
0-0: Ball 1-0: Called Strike 1-1: Swinging Strike 1-2: Fly out, F3 (Popup, 3S)
|
Bottom of the 6th over - 0 run(s), 0 hit(s), 0 error(s), 0 left on base; Las Vegas 1 - Albuquerque 2 |
TOP OF THE 7TH |
Las Vegas Stars batting - Pitching for Albuquerque Isotopes : LHP Alberto Ruíz
|
Pitching: LHP Alberto Ruíz
|
|
Batting: RHB Luis Flores
|
0-0: Ball 1-0: Called Strike 1-1: Foul Ball, location: 2F 1-2: Ball 2-2: Ball 3-2: Ground out 6-3 (Groundball, 6)
|
Batting: SHB Júlio Salazar
|
0-0: Ball 1-0: Foul Ball, location: 2F 1-1: Foul Ball, location: 2F 1-2: Fly out, F7 (Line Drive, 7D)
|
Batting: RHB Brandon Pope
|
0-0: Ball 1-0: Foul Ball, location: 2F 1-1: Foul Ball, location: 2F 1-2: Ball 2-2: Ground out 5-3 (Groundball, 56)
|
Top of the 7th over - 0 run(s), 0 hit(s), 0 error(s), 0 left on base; Las Vegas 1 - Albuquerque 2 |
BOTTOM OF THE 7TH |
Albuquerque Isotopes batting - Pitching for Las Vegas Stars : RHP Kazuo Mochizuki
|
Pitching: RHP Júlio Sandoval
|
|
Batting: LHB Héctor Soto
|
0-0: Ground out 1-3 (Groundball, 15S)
|
Batting: RHB Jesse McKnight
|
0-0: Called Strike 0-1: Foul Ball, location: 2F 0-2: Ball 1-2: Ball 2-2: Foul Ball, location: 2F 2-2: Foul Ball, location: 2F 2-2: Ball 3-2: Foul Ball, location: 2F 3-2: Strikes out swinging
|
Batting: LHB Héctor Cruz
|
0-0: Foul Ball, location: 2F 0-1: Ball 1-1: Ground out 4-3 (Groundball, 4)
|
Bottom of the 7th over - 0 run(s), 0 hit(s), 0 error(s), 0 left on base; Las Vegas 1 - Albuquerque 2 |
TOP OF THE 8TH |
Las Vegas Stars batting - Pitching for Albuquerque Isotopes : LHP Alberto Ruíz
|
Now at 2B: Raúl Bauza
|
|
Now at SS: Luis Martínez
|
|
Batting: LHB Ethan Marshall
|
0-0: Ground out 6-3 (Groundball, 56)
|
Pitching: RHP Steve Snyder
|
|
Now at SS: Pedro Cruz
|
|
Batting: RHB Ryan McBride
|
0-0: Ball 1-0: SINGLE (Line Drive, 34)
|
Batting: SHB Sloan James
|
0-0: Called Strike 0-1: Ball 1-1: Ball 2-1: Foul Ball, location: 2F 2-2: Ball 3-2: Strikes out swinging
|
Batting: LHB Mike Petersen
|
0-0: Ball Wild Pitch! Ryan McBride to second 1-0: Called Strike 1-1: Foul Ball, location: 2F 1-2: Fly out, F8 (Flyball, 78M)
|
Top of the 8th over - 0 run(s), 1 hit(s), 0 error(s), 1 left on base; Las Vegas 1 - Albuquerque 2 |
BOTTOM OF THE 8TH |
Albuquerque Isotopes batting - Pitching for Las Vegas Stars : RHP Júlio Sandoval
|
Batting: RHB Gonzalo Gil
|
0-0: Ground out 6-3 (Groundball, 6)
|
Batting: RHB Juan Vareas
|
0-0: Foul Ball, location: 2F 0-1: Ball 1-1: Foul Ball, location: 2F 1-2: Ball 2-2: Ball 3-2: Ground out 6-3 (Groundball, 6S)
|
Batting: LHB Fernando Ortíz
|
0-0: Called Strike 0-1: Called Strike 0-2: Foul Ball, location: 2F 0-2: Ball 1-2: Hit by Pitch
|
Pinch Hitting: RHB Nick Harris
|
0-0: Ball 1-0: Called Strike 1-1: Ground out 5-3 (Groundball, 56)
|
Bottom of the 8th over - 0 run(s), 0 hit(s), 0 error(s), 1 left on base; Las Vegas 1 - Albuquerque 2 |
TOP OF THE 9TH |
Las Vegas Stars batting - Pitching for Albuquerque Isotopes : RHP Steve Snyder
|
Pitching: LHP Austin Wall
|
|
Now in CF: Nick Harris
|
|
Batting: RHB Tom Howe
|
0-0: Called Strike 0-1: Foul Ball, location: 2F 0-2: Ball 1-2: Fly out, F7 (Flyball, 7)
|
Batting: RHB Bobby Miller
|
0-0: Ball 1-0: Foul Ball, location: 2F 1-1: Called Strike 1-2: Ground out 5-3 (Groundball, 56)
|
Batting: RHB Luis Flores
|
0-0: Swinging Strike 0-1: Swinging Strike 0-2: Strikes out looking
|
Top of the 9th over - 0 run(s), 0 hit(s), 0 error(s), 0 left on base; Las Vegas 1 - Albuquerque 2 |
|